 Dungeon Crawl Stone Soup version 0.19.5 (webtiles) character file.

97 tricornhat the Cudgeler (level 4, -2/34 HPs)
             Began as a Demonspawn Gladiator on Mar 24, 2017.
             Was an Initiate of Okawaru.
             Slain by a worker ant (3 damage)
             ... on level 3 of the Dungeon.
             The game lasted 00:08:13 (2315 turns).

tricornhat the Cudgeler (Demonspawn Gladiator)      Turns: 2315, Time: 00:08:16

Health: -2/34      AC:  7    Str: 17    XL:     4   Next: 42%
Magic:  4/4        EV: 13    Int:  9    God:    Okawaru [......]
Gold:   68         SH:  0    Dex: 13    Spells: 0 memorised, 3 levels left

rFire  . . .     SeeInvis .     a - +0 flail
rCold  . . .     Gourm    .     b - +0 leather armour
rNeg   . . .     Faith    .     (no shield)
rPois  .         Spirit   .     c - +0 helmet
rElec  .         Reflect  .     (no cloak)
rCorr  .         Harm     .     r - +1 pair of gloves
MR     .....                    p - +0 pair of boots
Stlth  +++.......               (no amulet)
                                (no ring)
                                (no ring)

@: lethally poisoned (-2 -> -19)
A: nightstalker 2
a: Renounce Religion


You were on level 3 of the Dungeon.
You worshipped Okawaru.
Okawaru was noncommittal.
You were hungry.

You visited 1 branch of the dungeon, and saw 3 of its levels.

You collected 68 gold pieces.

Inventory:

Hand Weapons
 a - a +0 flail (weapon)
Missiles
 d - 3 throwing nets (quivered)
Armour
 b - a +0 leather armour (worn)
 c - a +0 helmet (worn)
 p - a +0 pair of boots (worn)
 q - a +0 pair of gloves
 r - a +1 pair of gloves (worn)
Jewellery
 o - a cursed -3 ring of dexterity {unknown}
 v - an uncursed ring of ice {unknown}
Scrolls
 e - 4 scrolls of identify {unknown}
 i - a scroll of magic mapping {unknown}
 j - a scroll of random uselessness {unknown}
 k - 2 scrolls of remove curse
 m - a scroll of enchant armour {unknown}
 t - a scroll of amnesia {unknown}
 u - 2 scrolls of teleportation {unknown}
Potions
 g - a potion of agility {unknown}
 h - a potion of might {unknown}
 n - 2 potions of curing {unknown}
Comestibles
 f - 2 bread rations
 l - a slice of pizza
 s - 2 chunks of flesh


   Skills:
 + Level 2.4 Fighting
 * Level 3.8 Maces & Flails
 + Level 1.8 Throwing
 + Level 1.3 Armour
 + Level 3.0 Dodging
 + Level 1.1 Stealth


You had 3 spell levels left.
You didn't know any spells.

Dungeon Overview and Level Annotations

Branches:
Dungeon (3/15)

Altars:
Gozag
Okawaru
The Shining One


Innate Abilities, Weirdness & Mutations

You are significantly more attuned to the shadows.


Message History

You see here a scroll labeled BUP CUNENU.
The worker ant closely misses you. The worker ant barely misses you.
You closely miss the worker ant. The worker ant barely misses you.
You closely miss the worker ant. The worker ant bites you!
You are poisoned.
The worker ant poisons you! The worker ant bites you.
You barely miss the worker ant.
You feel sick. The worker ant bites you.
You closely miss the worker ant.
You feel sick. The worker ant bites you. x2
* * * LOW HITPOINT WARNING * * *
You sock the worker ant!
The worker ant is moderately wounded.
You feel sick. The worker ant misses you.
You sock the worker ant!
The worker ant is severely wounded.
You feel sick. The worker ant bites you!
* * * LOW HITPOINT WARNING * * *
You are more poisoned.
The worker ant poisons you! The worker ant bites you.
You die...

####8...###
...#......#
._........#
...#.....##
####8.....#
##....##
#....#
##..##
#@..#
##a.##
##...#
#...##
###...#
#....?#
#.K..##
#.... ..[.#


You could see a worker ant.

Vanquished Creatures
  Ijyb (D:2)
  3 adders (D:2)
  2 worms (D:3)
  A leopard gecko (D:1)
  A ball python (D:2)
  7 bats
  3 giant cockroaches
  3 goblins (D:1)
  6 hobgoblins
  4 jackals (D:2)
  A frilled lizard (D:2)
  2 kobolds (D:2)
  2 rats
36 creatures vanquished.

Vanquished Creatures (others)
  A goblin (D:2)
1 creature vanquished.

Grand Total: 37 creatures vanquished

Notes
Turn   | Place    | Note
-------+----------+-------------------------------------------
     0 | D:1      | tricornhat the Demonspawn Gladiator began the quest for the Orb.
     0 | D:1      | Reached XP level 1. HP: 16/16 MP: 1/1
   335 | D:1      | Gained mutation: You are slightly more attuned to the shadows. [demonic ancestry]
   335 | D:1      | Reached XP level 2. HP: 19/22 MP: 2/2
  1074 | D:2      | Noticed Ijyb
  1279 | D:2      | Found an iron altar of Okawaru.
  1296 | D:2      | Reached skill level 1 in Armour
  1328 | D:2      | Gained mutation: You are significantly more attuned to the shadows. [demonic ancestry]
  1328 | D:2      | Reached XP level 3. HP: 28/28 MP: 3/3
  1364 | D:2      | Killed Ijyb
  1469 | D:2      | Reached skill level 1 in Stealth
  1469 | D:2      | Reached XP level 4. HP: 34/34 MP: 4/4
  1830 | D:2      | Became a worshipper of Warmaster Okawaru
  1886 | D:3      | Found an opulent altar of Gozag.
  2288 | D:3      | Found a glowing golden altar of the Shining One.
  2315 | D:3      | HP: 1/34 [worker ant (7)]
  2315 | D:3      | Slain by a worker ant

Skill      XL: |  1  2  3 |
---------------+----------+-----
Maces & Flails | 3 |  3.8
Armour         | 1 |  1.3
Dodging        | 3 |  3.0
Stealth        | 1 |  1.1
Fighting       | |  2.4
Throwing       | |  1.8

Action                   |  1- 3 |  4- 6 || total
-------------------------+-------+-------++-------
Melee: Flail             |   124 |    59 ||   183
  Use: Scroll            |     1 |       ||     1
 Stab: Sleeping          |     3 |     2 ||     5
  Eat: Chunk             |     2 |     2 ||     4
Armor: Leather armour    |    58 |    38 ||    96
Dodge: Dodged            |   108 |    87 ||   195
